 Dungeon Crawl Stone Soup version 0.29-a0-330-g52719c12eb (webtiles) character file.

Game seed: 6879125701396007915

390 kae the Changer (level 6, -3/70 HPs)
             Began as a Draconian Transmuter on May 13, 2022.
             Slain by an orc priest
             ... wielding a +0 falchion
              (5 damage)
             ... on level 4 of the Dungeon.
             The game lasted 00:02:27 (3625 turns).

kae the Changer (Draconian Transmuter)              Turns: 3625, Time: 00:02:28

Health: -3/70      AC: 23    Str: 12    XL:     6   Next: 50%
Magic:  7/11       EV:  2    Int: 16    God:
Gold:   160        SH:  0    Dex: 11    Spells: 6/12 levels left

rFire   . . .      SeeInvis +   d - +1 falchion (elec)
rCold   . . .      Faith    .   (no shield)
rNeg    . . .      Spirit   .   (body armour unavailable)
rPois   +          Reflect  .   (helmet currently unavailable)
rElec   .          Harm     .   (cloak currently unavailable)
rCorr   .          Rampage  .   (gloves currently unavailable)
Will    .....      NoTele   +   (boots currently unavailable)
Stlth   +.........              (no amulet)
HPRegen 0.21/turn               h - ring of see invisible
MPRegen 0.12/turn               (no ring)

@: tree-form
A: stationary, stasis, torment immunity, boosted hp, AC +6, unfitting armour,
(cold-blooded)
a: no special abilities


You were on level 4 of the Dungeon.
You were a tree.
You visited 1 branch of the dungeon, and saw 4 of its levels.

You collected 160 gold pieces.

Inventory:

Hand Weapons
 d - a +1 falchion of electrocution (weapon)
Jewellery
 h - a ring of see invisible (left branch)
 k - an amulet of faith
Scrolls
 e - a scroll of fog {unknown}
 n - a scroll of amnesia
Potions
 b - a potion of ambrosia
 c - a potion of flight {unknown}
 f - 2 potions of brilliance {unknown}
 g - 2 potions of mutation {unknown}
 i - a potion of berserk rage {unknown}
 j - 3 potions of curing {unknown}
 m - a potion of degeneration {unknown}


   Skills:
 - Level 1.1 Fighting
 - Level 1.7 Dodging
 + Level 4.4 Unarmed Combat
 + Level 3.6 Spellcasting
 * Level 5.0 Transmutations
 - Level 1.0 Poison Magic


You had 6 spell levels left.
You knew the following spells:

 Your Spells              Type           Power      Damage    Failure   Level
a - Beastly Appendage     Tmut           36%        N/A       2%          1
b - Wereblood             Tmut           18%        N/A       3%          2
c - Spider Form           Tmut/Pois      12%        N/A       16%         3

Your spell library contained the following spells:

 Spells                   Type           Power      Damage    Failure   Level
 Animate Skeleton         Necr           4%         N/A       19%         1
 Apportation              Tloc           4%         N/A       19%         1
 Summon Small Mammal      Summ           8%         N/A       19%         1
 Ice Form                 Ice/Tmut       10%        N/A       54%         4


Dungeon Overview and Level Annotations

Branches:
Dungeon (4/15)
 Temple: D:4-7

Altars:

Annotations:
D:3 3 runed translucent doors, Aelig's ghost, amateur DgFE


Innate Abilities, Weirdness & Mutations

You are a tree.
Your roots penetrate the ground, keeping you stationary.
You cannot be teleported.
You are immune to unholy pain and torment.
Your maximum health is greatly increased.
Your equipment is partially melded.
((Your plain brown scales are hard. (AC +6)))
You cannot fit into any form of body armour.
((You are cold-blooded and may be slowed by cold attacks.))


Message History

The orc hits you but does no damage.
You hit Sigmund.
You feel a bit better.
You kill Sigmund!
The orc priest hits you but does no damage.
The orc hits you with a +0 war axe.
* * * LOW HITPOINT WARNING * * *
The orc hits you but does no damage.
Training target 1.0 for Poison Magic reached!
Your Transmutations skill increases to level 5!
Your Poison Magic skill increases to level 1!
You have reached level 6!
Your scales feel tougher.
You closely miss the orc priest.
You creak as the wereblood boils in your veins!
The orc hits you but does no damage. x2
The orc priest hits you but does no damage.
You hit the orc priest but do no damage.
Your primal bloodlust has ended.
The orc hits you but does no damage. x2
The orc priest hits you but does no damage.
You hit the orc priest but do no damage.
The orc hits you but does no damage. x2
The orc priest hits you but does no damage.
The orc hits you but does no damage.
The orc priest hits you with a +0 falchion.
* * * LOW HITPOINT WARNING * * *
The orc hits you but does no damage.
You hit the orc priest.
The orc priest is moderately wounded.
The orc hits you with a +0 war axe.
* * * LOW HITPOINT WARNING * * *
The orc hits you but does no damage.
The orc priest hits you with a +0 falchion.
* * * LOW HITPOINT WARNING * * *
You hit the orc priest but do no damage.
Lightning courses through the orc priest!
The orc priest is almost dead.
The orc hits you but does no damage. x2
The orc priest hits you with a +0 falchion.
You die...

.####
#.....#.. .
#.#####....
##..........
#.†....#...
##.####.#.#
#.........#
#.........#
#...o.....#
#...o♣...$#
#...o)..<...#
#........####
#...##...##
#+## #.#.#
..#.# #....
#.##..


You could see an orc priest and 2 orcs.

Vanquished Creatures
  Sigmund (D:4)
  A necrophage (D:4)
  An iguana (D:4)
  An orc wizard (D:4)
  4 adders
  2 worms (D:2)
  A dart slug (D:3)
  3 orcs (D:3)
  4 bats
  8 endoplasms
  A giant cockroach (D:1)
  6 hobgoblins
  4 jackals
  6 kobolds
  5 quokkas
  7 ball pythons
  11 frilled lizards
  5 goblins
  6 rats
77 creatures vanquished.

Vanquished Creatures (others)
  2 plants (D:1)
2 creatures vanquished.

Grand Total: 79 creatures vanquished

Notes
Turn   | Place    | Note
-------+----------+-------------------------------------------
     0 | D:1      | kae the Draconian Transmuter began the quest for the Orb.
     0 | D:1      | Reached XP level 1. HP: 16/16 MP: 3/3
   519 | D:1      | Reached XP level 2. HP: 23/23 MP: 5/5
   522 | D:1      | Learned a level 2 spell: Wereblood
   555 | D:1      | Found a faded altar of an unknown god.
  1239 | D:2      | Reached XP level 3. HP: 27/28 MP: 4/6
  1399 | D:2      | Reached skill level 3 in Transmutations
  2059 | D:2      | Learned a level 3 spell: Spider Form
  2068 | D:3      | Reached XP level 4. HP: 29/35 MP: 4/7
  3104 | D:3      | Found a runed translucent gate.
  3105 | D:3      | Found a runed translucent gate.
  3114 | D:3      | Found a runed translucent gate.
  3114 | D:3      | Noticed Aelig's ghost (amateur DgFE)
  3365 | D:4      | Noticed a necrophage
  3379 | D:4      | Killed a necrophage
  3380 | D:4      | Reached skill level 4 in Transmutations
  3380 | D:4      | Reached XP level 5. HP: 24/40 MP: 6/9
  3600 | D:4      | Noticed Sigmund
  3620 | D:4      | Killed Sigmund
  3621 | D:4      | Reached skill level 5 in Transmutations
  3621 | D:4      | Reached skill level 1 in Poison Magic
  3621 | D:4      | Reached XP level 6. HP: 13/47 MP: 6/11
  3624 | D:4      | HP: 2/70 [orc priest/+0 falchion (3)]
  3625 | D:4      | Slain by an orc priest

Illustrated notes

Levels and vault maps discovered:
D:1:      shiori_arrival_oz, layout_basic, ebering_ecumenical_altar_mist,
          minmay_lizard_king
D:2:      layout_loops_ring
D:3:      layout_loops_ring, gammafunk_ghost_necromancy, grunt_decor_arrowhead
D:4:      layout_basic, uniq_sigmund, uniq_menkaure, uniq_crazy_yiuf_cottage

Skill      XL: |  1  2  3  4  5 |
---------------+----------------+-----
Transmutations | 3 4 5 |  5.0
Unarmed Combat | 4 |  4.4
Spellcasting   | 3 |  3.6
Poison Magic   | 1 |  1.0
Fighting       | |  1.1
Dodging        | |  1.7

Action                   |  1- 3 |  4- 6 || total
-------------------------+-------+-------++-------
Melee: Unarmed           |    22 |    24 ||    46
       Falchion          |    79 |    88 ||   167
       Tailslap          |    16 |     6 ||    22
       Kick              |    10 |    10 ||    20
       Headbutt          |     5 |     7 ||    12
       Punch             |     1 |     1 ||     2
 Cast: Beastly Appendage |    19 |    15 ||    34
       Wereblood         |     1 |     2 ||     3
       Spider Form       |     1 |     2 ||     3
  Use: Scroll            |     8 |     2 ||    10
       Potion            |       |     1 ||     1
 Stab: Sleeping          |       |     1 ||     1
Armor: Skin              |    41 |    64 ||   105
Dodge: Dodged            |   102 |   110 ||   212

Table legend: (Time is in decaauts)
 A = Elapsed time spent in this place.
 B = Non-inter-level travel time spent in this place.
 C = Inter-level travel time spent in this place.
 D = Time resting spent in this place.
 E = Time spent auto-exploring this place.
 F = Levels seen in this place.
 G = Mean time per level.
                   A        B        C        D        E       F      G
               +--------+--------+--------+--------+--------+-----+--------+
         Total |   3671 |   3624 |     47 |    543 |   2458 |   4 |  917.8 |
       Dungeon |   3671 |   3624 |     47 |    543 |   2458 |   4 |  917.8 |
               +--------+--------+--------+--------+--------+-----+--------+

Top non-repeatable levels by time:
     D:3: 1393 daAuts
     D:1: 1049 daAuts
     D:2: 925 daAuts
     D:4: 303 daAuts
